[Event "Titled Tuesday Blitz July 25 Early 2023"]
[White "Kayis, Gulcan Sena"]
[Black "Mmukka"]
[WhiteFideId "34553045"]
[WhiteElo "2347"]
[BlackElo "2480"]
[Result "1-0"]
[Round "11"]
[TimeControl "180+2"]
[Date "2023.07.25"]
[WhiteClock "0:01:00"]
[BlackClock "0:00:03"]
[Board "111"]

1. e4 d6 2. d4 Nf6 3. Nd2 e5 4. dxe5 dxe5 5. Ngf3 Nbd7 6. Bc4 Bd6 7. O-O O-O 8. Qe2 Qe7 9. c3 c6 10. Bb3 Nc5 11. Bc2 h6 12. h3 Bc7 13. Nc4 Re8 14. a4 a5 15. Rd1 Be6 16. Ncxe5 Bxe5 17. Nxe5 Bb3 18. Nf3 Bxc2 19. Qxc2 Nfxe4 20. Be3 Rad8 21. b4 axb4 22. cxb4 Nd7 23. b5 cxb5 24. axb5 Ndf6 25. Bb6 Rc8 26. Qb3 Rc3 27. Qb2 Rec8 28. Bd4 Rc2 29. Qb3 Nh5 30. Re1 Nhf6 31. Rad1 Nc5 32. Qxc2 Qf8 33. Bxf6 gxf6 34. Qf5 Ne6 35. Qxf6 Ng7 36. Qxh6 f6 37. Rd7 b6 38. Ree7 1-0


[Site "https://www.chess.com"]

[Event "Titled Tuesday Blitz July 25 Early 2023"]
[White "marik_spb"]
[Black "kiwibobo"]
[WhiteElo "2478"]
[BlackElo "2340"]
[Result "1-0"]
[Round "11"]
[TimeControl "180+2"]
[Date "2023.07.25"]
[WhiteClock "0:00:44"]
[BlackClock "0:00:23"]
[Board "112"]

1. d4 Nf6 2. c4 g6 3. h4 Bg7 4. Nc3 d5 5. h5 Nxh5 6. cxd5 e6 7. dxe6 Bxe6 8. Nf3 Nf6 9. Bg5 O-O 10. e4 Qe8 11. Bd3 c6 12. Qd2 h5 13. Bxf6 Bxf6 14. e5 Bg7 15. Ne4 Bf5 16. Nd6 Qe6 17. Bxf5 gxf5 18. Qg5 f6 19. Qxh5 Rd8 20. Nxf5 fxe5 21. Qh7+ 1-0


[Site "https://www.chess.com"]

[Event "Titled Tuesday Blitz July 25 Early 2023"]
[White "Michalczak, Thomas"]
[Black "arturdailima"]
[WhiteFideId "4622634"]
[WhiteElo "2475"]
[BlackElo "2336"]
[Result "1-0"]
[Round "11"]
[TimeControl "180+2"]
[Date "2023.07.25"]
[WhiteClock "0:00:35"]
[BlackClock "0:00:08"]
[Board "113"]

1. e4 c5 2. c3 Nf6 3. e5 Nd5 4. Nf3 e6 5. d4 cxd4 6. cxd4 d6 7. Bc4 Nc6 8. O-O Be7 9. exd6 Bxd6 10. Nc3 O-O 11. Re1 Nce7 12. Ne4 Bf4 13. Be3 Bxe3 14. fxe3 Bd7 15. Bd3 Bc6 16. Ne5 Ng6 17. Nxc6 bxc6 18. Rc1 Qb6 19. b3 a5 20. a3 e5 21. Nc5 Qc7 22. Bxg6 hxg6 23. dxe5 Rfe8 24. Nd3 Qb6 25. Nc5 Qc7 26. e4 Nf4 27. Qd6 Qb6 28. Qd2 Rxe5 29. Qxf4 Rxc5 30. Kh1 Rxc1 31. Qxc1 Qxb3 32. Qxc6 Rf8 33. a4 Qb4 34. Rf1 f6 35. h3 Rd8 36. e5 Rf8 37. e6 Qe7 38. Re1 Rd8 39. Qb6 Rd6 40. Qxd6 Qxd6 41. e7 1-0


[Site "https://www.chess.com"]

[Event "Titled Tuesday Blitz July 25 Early 2023"]
[White "Kiseleva, Arina"]
[Black "Tikhonov, Viacheslav"]
[WhiteFideId "4164989"]
[BlackFideId "44196407"]
[WhiteElo "2243"]
[BlackElo "2474"]
[Result "0-1"]
[Round "11"]
[TimeControl "180+2"]
[Date "2023.07.25"]
[WhiteClock "0:00:00"]
[BlackClock "0:00:25"]
[Board "114"]

1. d4 f5 2. g3 Nf6 3. Bg2 g6 4. Nd2 Bg7 5. e4 fxe4 6. Nxe4 O-O 7. Ne2 c6 8. h4 d6 9. Nxf6+ exf6 10. h5 g5 11. h6 Bh8 12. Qd3 d5 13. f4 Bg4 14. Bf3 Qd7 15. Bd2 Bf5 16. Qb3 g4 17. Bg2 Re8 18. c4 Be4 19. Bxe4 Rxe4 20. Kf1 Na6 21. cxd5 cxd5 22. Rh5 Rd8 23. Rd1 Qf7 24. Rh2 f5 25. Bc3 Re3 26. Qa4 Qe6 27. Bd2 Rf3+ 28. Kg1 Re8 29. Nc3 Rxg3+ 30. Rg2 Rh3 31. Qb5 Bxd4+ 32. Kf1 Rh1+ 0-1


[Site "https://www.chess.com"]

[Event "Titled Tuesday Blitz July 25 Early 2023"]
[White "Voege, Tobias"]
[Black "Fernandez Siles, Luis"]
[WhiteFideId "1270513"]
[BlackFideId "2209420"]
[WhiteElo "2612"]
[BlackElo "2324"]
[Result "1-0"]
[Round "11"]
[TimeControl "180+2"]
[Date "2023.07.25"]
[WhiteClock "0:00:16"]
[BlackClock "0:00:29"]
[Board "115"]

1. e4 c5 2. Nf3 Nc6 3. d4 cxd4 4. Nxd4 Nf6 5. Nc3 e5 6. Ndb5 d6 7. Bg5 a6 8. Na3 b5 9. Nd5 Be7 10. Bxf6 Bxf6 11. c3 O-O 12. Be2 Rb8 13. Nc2 Bg5 14. O-O Be6 15. g3 Ne7 16. f4 Bxd5 17. exd5 exf4 18. gxf4 Bf6 19. Bf3 Nf5 20. Qd3 g6 21. Nb4 Qb6+ 22. Kh1 Rbe8 23. Rae1 Rxe1 24. Rxe1 Qf2 25. Qe2 Qh4 26. Qd2 Ng3+ 27. Kg2 Nh5 28. Re4 a5 29. Nc6 Kg7 30. f5 Qg5+ 31. Qxg5 Bxg5 32. Bxh5 gxh5 33. Nxa5 Ra8 34. b4 Bd2 35. a3 Bxc3 36. Re3 Bd4 37. Rd3 Bb2 38. Nb7 Rxa3 39. Rxa3 Bxa3 40. Nxd6 Bxb4 41. Nxb5 Kf6 42. Nd4 Bc5 43. Nc6 Kxf5 44. Kf3 h4 45. h3 h5 46. Na5 Ke5 47. Nc4+ Kxd5 48. Nd2 Ke5 49. Ne4 Kf5 50. Nxc5 Kg5 51. Ne4+ Kf5 52. Nd6+ Ke6 53. Ne8 Kf5 54. Ng7+ Kg6 55. Ne8 Kf5 56. Nc7 Ke5 57. Nb5 Kf5 58. Nd4+ Ke5 59. Ke3 f5 60. Nf3+ Kf6 61. Kf4 Kg6 62. Nxh4+ Kf6 63. Nxf5 Kg6 64. h4 Kf6 65. Ng3 Kg6 66. Ne4 Kg7 67. Kg5 Kh7 68. Kxh5 1-0


[Site "https://www.chess.com"]

[Event "Titled Tuesday Blitz July 25 Early 2023"]
[White "Parpiev, Isaak"]
[Black "Llanos, Guillermo"]
[WhiteFideId "34281576"]
[BlackFideId "100358"]
[WhiteElo "2576"]
[BlackElo "2370"]
[Result "1-0"]
[Round "11"]
[TimeControl "180+2"]
[Date "2023.07.25"]
[WhiteClock "0:01:06"]
[BlackClock "0:01:06"]
[Board "116"]

1. Nf3 Nf6 2. g3 g6 3. Bg2 Bg7 4. O-O O-O 5. c4 c5 6. d3 Nc6 7. Nc3 d5 8. cxd5 Nxd5 9. Bd2 b6 10. Nxd5 Qxd5 11. Ng5 Qd7 12. Bc3 Bb7 13. Bxg7 Kxg7 14. h4 Nd4 15. Bxb7 Qxb7 16. e3 h6 17. exd4 hxg5 18. hxg5 cxd4 19. Qg4 Rh8 20. Qxd4+ Kg8 21. Qe4 Qc8 22. Rac1 Qd8 23. Rfe1 e6 24. d4 Rb8 25. Qe5 Rh5 26. f4 Rb7 27. d5 exd5 28. Qe8+ Qxe8 29. Rxe8+ Kg7 30. Rcc8 f5 31. Rg8+ Kf7 32. Rcf8+ Ke7 33. Rg7+ Kxf8 34. Rxb7 d4 35. Rxa7 Rh3 36. Kg2 Rh5 37. Rb7 d3 38. Rxb6 Rh7 39. Rb8+ Ke7 40. Rb7+ Kd8 41. Rxh7 d2 42. Rh1 1-0


[Site "https://www.chess.com"]

[Event "Titled Tuesday Blitz July 25 Early 2023"]
[White "Ganiev, Roman"]
[Black "FREDERICKtheMATE"]
[WhiteFideId "4131452"]
[WhiteElo "2574"]
[BlackElo "2365"]
[Result "0-1"]
[Round "11"]
[TimeControl "180+2"]
[Date "2023.07.25"]
[WhiteClock "0:01:26"]
[BlackClock "0:01:18"]
[Board "117"]

1. e4 c5 2. Nf3 g6 3. d4 cxd4 4. Qxd4 Nf6 5. e5 Nc6 6. Qa4 Nd5 7. Qb3 Nb6 8. Bf4 Bg7 9. Nc3 O-O 10. O-O-O d6 11. exd6 e5 12. Bg3 Be6 13. Qb5 Nd4 14. Qd3 Bf5 15. Ne4 Nd7 16. Nxd4 exd4 17. f3 Nc5 18. Qe2 Re8 19. Qf2 Bxe4 20. fxe4 Nxe4 21. Qf3 Nxg3 22. Qxg3 Be5 23. Qf3 Qxd6 24. Bc4 Re7 25. Kb1 Rc8 26. Bb3 Kg7 27. h4 h6 28. h5 g5 29. Qf5 Qd7 30. Qf3 a5 31. Bd5 g4 32. Qb3 a4 33. Qxb7 Qxb7 0-1


[Site "https://www.chess.com"]

[Event "Titled Tuesday Blitz July 25 Early 2023"]
[White "Alberto, Manuel"]
[Black "NicolaiMaxime"]
[WhiteFideId "10100148"]
[WhiteElo "2346"]
[BlackElo "2572"]
[Result "0-1"]
[Round "11"]
[TimeControl "180+2"]
[Date "2023.07.25"]
[WhiteClock "0:01:36"]
[BlackClock "0:02:17"]
[Board "118"]

1. e4 c5 2. Nf3 Nc6 3. Bb5 g6 4. O-O Bg7 5. Re1 Qc7 6. Nc3 a6 7. Nd5 Qd8 8. Bf1 e6 9. Ne3 Nge7 10. c3 O-O 11. d4 cxd4 12. cxd4 d5 13. e5 b5 14. a3 Bd7 15. Bd3 Qb6 16. Bc2 Rac8 17. h4 h5 18. g4 hxg4 19. Nxg4 Nf5 20. Bxf5 exf5 21. Nf6+ Bxf6 22. exf6 Rfe8 23. Be3 Re4 24. h5 Rg4+ 25. Kf1 b4 26. a4 Nd8 27. hxg6 Qxf6 28. gxf7+ Nxf7 29. Rc1 f4 30. Rxc8+ Bxc8 31. Bd2 a5 32. Ne5 Ba6+ 33. Qe2 Bxe2+ 34. Rxe2 Nxe5 35. Rxe5 f3 36. Be3 Qh4 37. Ke1 Rxd4 38. Bxd4 Qxd4 39. Re3 Qxb2 40. Rxf3 Qc1+ 41. Ke2 Qc4+ 42. Ke1 b3 43. Rxb3 Qxb3 0-1


[Site "https://www.chess.com"]

[Event "Titled Tuesday Blitz July 25 Early 2023"]
[White "Altman, Joshua"]
[Black "Osinovsky, Stepan"]
[WhiteFideId "426210"]
[BlackFideId "4157354"]
[WhiteElo "2508"]
[BlackElo "2337"]
[Result "1-0"]
[Round "11"]
[TimeControl "180+2"]
[Date "2023.07.25"]
[WhiteClock "0:00:10"]
[BlackClock "0:00:15"]
[Board "119"]

1. e4 e5 2. Nf3 Nc6 3. Nc3 Nf6 4. Nxe5 Nxe5 5. d4 Ng6 6. e5 Ng8 7. Bc4 d6 8. Qf3 Be6 9. Qxb7 Bxc4 10. Qc6+ Ke7 11. Qxc4 dxe5 12. O-O Qxd4 13. Nd5+ Kd6 14. Qxc7+ Kxd5 15. Be3 Qb4 16. Rad1+ Ke6 17. Qc6+ Bd6 18. Qxa8 N8e7 19. Qxa7 Qxb2 20. Qa6 Qa3 21. Qc4+ Kf6 22. Rd3 Rc8 23. Qg4 Qb4 24. Bg5# 1-0


[Site "https://www.chess.com"]

[Event "Titled Tuesday Blitz July 25 Early 2023"]
[White "Goffredo_Fofi"]
[Black "Cooper, Aaron"]
[BlackFideId "2634945"]
[WhiteElo "2492"]
[BlackElo "2307"]
[Result "0-1"]
[Round "11"]
[TimeControl "180+2"]
[Date "2023.07.25"]
[WhiteClock "0:00:00"]
[BlackClock "0:00:14"]
[Board "120"]

1. d4 Nf6 2. c3 d5 3. Bf4 c5 4. e3 Nc6 5. Nd2 cxd4 6. exd4 g6 7. Bd3 Bg7 8. h3 O-O 9. Ngf3 Bf5 10. Bxf5 gxf5 11. g4 Qd7 12. Ne5 Nxe5 13. dxe5 Ne4 14. f3 Nc5 15. Nb3 Ne6 16. Be3 f4 17. Bd4 Rfc8 18. Qe2 a5 19. a4 Rc4 20. O-O Rxa4 21. Qd3 Rxa1 22. Rxa1 a4 23. Ra3 b5 24. Nc1 Rb8 25. Ne2 b4 26. cxb4 Rxb4 27. Bc3 Rc4 28. b3 axb3 29. Rxb3 Qc7 30. Qxd5 Qa7+ 31. Kg2 Rc8 32. Bd2 Rd8 33. Qa5 Qd7 34. Bc3 Qd1 35. Rb2 Ng5 36. h4 Nxf3 37. Kxf3 Rd3+ 38. Kxf4 Qf1+ 0-1


[Site "https://www.chess.com"]

[Event "Titled Tuesday Blitz July 25 Early 2023"]
[White "Romero Arzuaga, Yudel"]
[Black "MateoReyes"]
[WhiteFideId "3521010"]
[WhiteElo "2304"]
[BlackElo "2469"]
[Result "1/2-1/2"]
[Round "11"]
[TimeControl "180+2"]
[Date "2023.07.25"]
[WhiteClock "0:00:07"]
[BlackClock "0:00:20"]
[Board "121"]

1. d4 Nf6 2. Nf3 g6 3. c4 Bg7 4. Nc3 O-O 5. e4 d6 6. Be2 Na6 7. O-O e5 8. Be3 Ng4 9. Bg5 f6 10. Bh4 g5 11. Bg3 Nh6 12. dxe5 fxe5 13. Nd2 Be6 14. f3 c6 15. a3 Kh8 16. Bf2 Qd7 17. b4 g4 18. Be3 gxf3 19. gxf3 Rg8 20. Kh1 Nf7 21. Rg1 Qe7 22. Qe1 Bh6 23. Bxh6 Nxh6 24. Qf2 Qf6 25. Rxg8+ Bxg8 26. Rg1 Be6 27. Nf1 Nc7 28. Ne3 Rf8 29. Qg3 Rg8 30. Qf2 Rxg1+ 31. Kxg1 Qf4 32. Ncd1 b6 33. Qg3 Qf6 34. Nf2 a5 35. Nd3 axb4 36. axb4 c5 37. bxc5 bxc5 38. f4 exf4 39. Qxf4 Kg7 40. Qxd6 Qg6+ 41. Qg3 Na6 42. Qxg6+ hxg6 43. Nd5 Nf7 44. Kf2 Nd6 45. Bf3 Nxc4 46. N3f4 Bxd5 47. exd5 Nd6 48. Ne6+ Kf6 49. Be2 Nb4 50. Nxc5 Nxd5 51. Bf3 Nf4 52. Ne4+ Nxe4+ 53. Bxe4 g5 54. Kg3 Ke5 55. Kg4 Kxe4 56. Kxg5 Nh3+ 57. Kh4 Kf5 58. Kxh3 Kg6 59. Kg3 Kh5 60. h4 Kh6 61. Kg4 Kg6 62. h5+ Kh6 63. Kh4 Kg7 64. Kg5 Kh7 65. h6 Kh8 66. Kh5 Kh7 67. Kg5 Kg8 68. Kh5 Kh7 69. Kg5 1/2-1/2


[Site "https://www.chess.com"]

[Event "Titled Tuesday Blitz July 25 Early 2023"]
[White "AndresDelgado77"]
[Black "Schlecht, Daniel, Dr."]
[BlackFideId "4623959"]
[WhiteElo "2300"]
[BlackElo "2462"]
[Result "1-0"]
[Round "11"]
[TimeControl "180+2"]
[Date "2023.07.25"]
[WhiteClock "0:00:16"]
[BlackClock "0:00:19"]
[Board "122"]

1. e4 e6 2. d4 d5 3. e5 c5 4. c3 Nc6 5. Nf3 Bd7 6. a3 c4 7. Nbd2 Na5 8. Rb1 Bc6 9. h4 Qd7 10. b4 cxb3 11. Nxb3 Ba4 12. Nxa5 Bxd1 13. Bb5 Bxf3 14. Bxd7+ Kxd7 15. Rxb7+ Kc8 16. gxf3 Ne7 17. Bg5 Nc6 18. Rb5 Nxa5 19. Rxa5 a6 20. Ke2 h6 21. Bd2 Kb7 22. Rb1+ Kc6 23. Kd3 Be7 24. h5 g6 25. c4 dxc4+ 26. Kxc4 gxh5 27. Bb4 Bxb4 28. axb4 Kb6 29. Rh1 Rac8+ 30. Rc5 Rcg8 31. Rxh5 Rg5 32. Rh4 Rf5 33. f4 h5 34. d5 Rg8 35. d6 Rd8 36. Rc7 f6 37. Rf7 fxe5 38. Rxf5 exf5 39. fxe5 Kc6 40. Rxh5 Re8 41. Rxf5 Kd7 42. f4 Ke6 43. Rf6+ Kd7 44. Kd5 1-0


[Site "https://www.chess.com"]

[Event "Titled Tuesday Blitz July 25 Early 2023"]
[White "Castella Garcia, Fausto"]
[Black "Barwinska, Ewa"]
[WhiteFideId "3501922"]
[BlackFideId "21833761"]
[WhiteElo "2450"]
[BlackElo "2292"]
[Result "1-0"]
[Round "11"]
[TimeControl "180+2"]
[Date "2023.07.25"]
[WhiteClock "0:00:34"]
[BlackClock "0:00:02"]
[Board "123"]

1. e4 g6 2. d4 Bg7 3. Nc3 d6 4. f4 c5 5. dxc5 Qa5 6. Nf3 Bxc3+ 7. bxc3 Qxc3+ 8. Bd2 Qxc5 9. Bd3 Nc6 10. Rb1 Nf6 11. Rb5 Qa3 12. O-O a6 13. Rb3 Qc5+ 14. Kh1 b5 15. Rc3 Qb6 16. e5 dxe5 17. Nxe5 Bb7 18. Re1 Nxe5 19. fxe5 Nd5 20. Rb3 Qf2 21. Be4 Rd8 22. Rf3 Qc5 23. e6 O-O 24. exf7+ Rxf7 25. Rxf7 Kxf7 26. Qf3+ Nf6 27. Bxb7 Rxd2 28. h3 Qf2 29. Bd5+ Kf8 30. Qxf2 Rxf2 31. Bb3 Nh5 32. Kh2 Nf4 33. Kg3 Rxg2+ 34. Kxf4 g5+ 35. Kf3 Rh2 36. Kg3 Rd2 37. Re5 h6 38. Rf5+ Kg7 39. Re5 Rd7 40. Re6 Ra7 41. Kg4 a5 42. Kh5 a4 43. Rg6+ Kf8 44. Rg8# 1-0


[Site "https://www.chess.com"]

[Event "Titled Tuesday Blitz July 25 Early 2023"]
[White "Novikov, Evgenij"]
[Black "Xavier_mompel"]
[WhiteFideId "4125380"]
[WhiteElo "2438"]
[BlackElo "2279"]
[Result "1-0"]
[Round "11"]
[TimeControl "180+2"]
[Date "2023.07.25"]
[WhiteClock "0:00:45"]
[BlackClock "0:00:00"]
[Board "124"]

1. e4 c5 2. d4 cxd4 3. c3 Nf6 4. e5 Nd5 5. Bc4 Nb6 6. Bb3 d5 7. cxd4 Nc6 8. Ne2 Bg4 9. f3 Bf5 10. O-O e6 11. Nbc3 Be7 12. Be3 O-O 13. Bf2 Rc8 14. g4 Bg6 15. Nf4 Na5 16. Nxg6 fxg6 17. Bc2 Bg5 18. Qe2 Nac4 19. Nd1 Qe7 20. Be1 Qd7 21. Bd3 Rf7 22. h4 Bf4 23. b3 Na3 24. Bb4 Qd8 25. g5 Bc1 26. Nf2 Nac4 27. Raxc1 a5 28. Bc5 1-0


[Site "https://www.chess.com"]

[Event "Titled Tuesday Blitz July 25 Early 2023"]
[White "Ladan, Nicholas"]
[Black "rikchessmx"]
[WhiteFideId "30918855"]
[WhiteElo "2435"]
[BlackElo "2276"]
[Result "1-0"]
[Round "11"]
[TimeControl "180+2"]
[Date "2023.07.25"]
[WhiteClock "0:00:17"]
[BlackClock "0:01:26"]
[Board "125"]

1. b3 a5 2. Bb2 a4 3. e4 c5 4. bxa4 Rxa4 5. Nc3 Ra8 6. Nf3 Nc6 7. d4 cxd4 8. Nxd4 Qb6 9. Ncb5 e5 10. Nf5 Bc5 11. Nfd6+ Kf8 12. Qd5 Bxf2+ 13. Kd1 Nh6 14. Bxe5 Qc5 15. Bg3 Qxd5+ 16. exd5 Bxg3 17. hxg3 Nb4 18. Bc4 b6 19. c3 Na6 20. Kc2 Nc5 21. Rae1 Ba6 22. Nc7 Bxc4 23. Nxa8 g6 24. Rxh6 Kg7 25. Rh4 Rxa8 26. Rxc4 Rxa2+ 27. Kb1 Rxg2 28. Re7 Rf2 29. Nc8 Kf8 30. Rxc5 bxc5 31. Rxd7 Rf3 32. Kc2 Rxg3 33. Rd8+ Kg7 34. d6 c4 35. d7 Rd3 36. Nb6 Rd6 37. Nxc4 Rd5 38. Nb6 Rd6 39. Rb8 h5 40. d8=Q Rxd8 41. Rxd8 h4 42. c4 g5 43. c5 h3 44. c6 g4 45. c7 h2 46. Rd1 g3 47. c8=Q g2 48. Qg4+ Kf8 49. Nd7+ Ke7 50. Qxg2 h1=Q 51. Qxh1 f5 52. Qh7+ Ke6 53. Qg6+ Ke7 54. Qf6+ Ke8 55. Qf8# 1-0


[Site "https://www.chess.com"]

[Event "Titled Tuesday Blitz July 25 Early 2023"]
[White "Thiel, Thomas"]
[Black "Manukian, Artak"]
[WhiteFideId "4615964"]
[BlackFideId "13301373"]
[WhiteElo "2273"]
[BlackElo "2431"]
[Result "0-1"]
[Round "11"]
[TimeControl "180+2"]
[Date "2023.07.25"]
[WhiteClock "0:00:00"]
[BlackClock "0:00:08"]
[Board "126"]

1. e4 c6 2. d4 d5 3. exd5 cxd5 4. c4 Nf6 5. Nc3 g6 6. Qb3 Bg7 7. cxd5 O-O 8. Be2 Nbd7 9. Nh3 Nb6 10. Nf4 Bf5 11. O-O Ne4 12. Bf3 Nd6 13. Be3 Nbc4 14. Rfe1 Rc8 15. Rac1 h5 16. h3 Nxe3 17. fxe3 Nc4 18. Nce2 Nd2 19. Qxb7 Rb8 20. Qc7 Rxb2 21. Qxd8 Rxd8 22. Rc7 Rxa2 23. Rxe7 Bf8 24. Rb7 a5 25. e4 Bc8 26. Rb8 Be7 27. e5 Nxf3+ 28. gxf3 Bf5 29. Rxd8+ Bxd8 30. d6 a4 31. Nd5 a3 32. Ne7+ Kf8 33. Nxf5 gxf5 34. Nf4 Rb2 35. e6 fxe6 36. Nxe6+ Ke8 37. Nc5+ Kf7 38. d7 a2 39. Ne6 Bh4 40. d8=Q Bxd8 41. Nxd8+ Kf6 42. Re6+ Kg7 43. Ra6 Rb1+ 44. Kf2 a1=Q 45. Rxa1 Rxa1 46. Kg3 Kf6 47. d5 Rd1 48. Ne6 Rxd5 49. Nf4 Rd4 50. h4 Ke5 51. Nxh5 f4+ 52. Kg4 Ra4 53. Ng7 Ra8 54. h5 Kf6 55. h6 Kg6 56. Nh5 Kxh6 57. Nxf4 Kg7 58. Nh3 Kf7 59. f4 Kf6 60. Ng5 Rg8 61. Kf3 Kf5 62. Ne4 Ra8 63. Ng3+ Kf6 64. Kg4 Rg8+ 65. Kf3 Ra8 66. Kg4 Kg6 67. f5+ Kf7 68. Kf4 Rg8 69. Ne4 Rg1 70. Ng5+ Kg7 71. Ne4 Kf8 72. Ke5 Re1 0-1


[Site "https://www.chess.com"]

[Event "Titled Tuesday Blitz July 25 Early 2023"]
[White "Joshi, Pankaj"]
[Black "Pershina, Elena"]
[WhiteFideId "5006210"]
[BlackFideId "24147516"]
[WhiteElo "2266"]
[BlackElo "2422"]
[Result "0-1"]
[Round "11"]
[TimeControl "180+2"]
[Date "2023.07.25"]
[WhiteClock "0:00:14"]
[BlackClock "0:00:50"]
[Board "127"]

1. e4 c5 2. Nc3 Nc6 3. g3 g6 4. Bg2 Bg7 5. d3 d6 6. f4 e5 7. Nf3 Nge7 8. O-O O-O 9. f5 gxf5 10. Nh4 Nd4 11. Qh5 f6 12. Bh6 Qe8 13. Qxe8 Rxe8 14. Bxg7 Kxg7 15. Nxf5+ Nexf5 16. exf5 Nxc2 17. Rac1 Ne3 18. Rf2 Nxg2 19. Kxg2 Bd7 20. Kg1 Bc6 21. a3 b6 22. b4 Rac8 23. b5 Bb7 24. Nd1 d5 25. Ne3 e4 26. dxe4 Rxe4 27. Ng2 Rce8 28. Nf4 Re1+ 29. Rf1 R1e3 30. Ne6+ Kf7 31. a4 d4 32. Rce1 Rxe1 33. Rxe1 Bd5 34. Ra1 Bxe6 35. fxe6+ Rxe6 36. a5 Kg6 37. axb6 axb6 38. Ra7 h5 39. Rc7 Kf5 40. Rc6 Rxc6 41. bxc6 Ke6 0-1


[Site "https://www.chess.com"]

[Event "Titled Tuesday Blitz July 25 Early 2023"]
[White "Ai, Evan"]
[Black "Smietanska, Wiktoria"]
[WhiteFideId "2094770"]
[BlackFideId "21869359"]
[WhiteElo "2416"]
[BlackElo "2250"]
[Result "0-1"]
[Round "11"]
[TimeControl "180+2"]
[Date "2023.07.25"]
[WhiteClock "0:00:06"]
[BlackClock "0:01:26"]
[Board "128"]

1. e4 c5 2. Nf3 d6 3. d4 cxd4 4. Nxd4 Nf6 5. Nc3 a6 6. f3 e5 7. Nb3 Be6 8. Be3 Nbd7 9. Qd2 b5 10. g4 Be7 11. O-O-O Nb6 12. Bxb6 Qxb6 13. Nd5 Nxd5 14. exd5 Bd7 15. Kb1 a5 16. h3 a4 17. Nc1 a3 18. b3 h6 19. f4 exf4 20. Qxf4 O-O 21. Bd3 Qc5 22. Ne2 Bf6 23. h4 Rfe8 24. b4 Qc7 25. g5 Rxe2 26. gxf6 Qc3 27. Qc1 Qxb4+ 28. Ka1 Qc3+ 29. Kb1 Ra4 0-1


[Site "https://www.chess.com"]

[Event "Titled Tuesday Blitz July 25 Early 2023"]
[White "Rios Escobar, Adan"]
[Black "Tqebuchava, Zurab"]
[WhiteFideId "3403645"]
[BlackFideId "13601113"]
[WhiteElo "2408"]
[BlackElo "2231"]
[Result "1-0"]
[Round "11"]
[TimeControl "180+2"]
[Date "2023.07.25"]
[WhiteClock "0:00:07"]
[BlackClock "0:00:00"]
[Board "129"]

1. d4 g6 2. g3 Bg7 3. Bg2 c6 4. e4 d5 5. e5 h5 6. h4 Nh6 7. Nf3 Bg4 8. O-O Nf5 9. c4 dxc4 10. e6 fxe6 11. Qe1 Bxf3 12. Bxf3 Nxd4 13. Be4 O-O 14. Kg2 Rf6 15. Nd2 Nd7 16. Nxc4 Nc5 17. Bg5 Rf8 18. Rc1 Nxe4 19. Qxe4 Qd5 20. Rfe1 Nf3 21. Qxe6+ Qxe6 22. Rxe6 Nxg5 23. hxg5 Rf7 24. Rce1 Kf8 25. Rd1 Ke8 26. Na5 Rd8 27. Rxd8+ Kxd8 28. Nxb7+ Kc7 29. Na5 Bxb2 30. Rxc6+ Kd7 31. Rc2 Bd4 32. Rd2 e5 33. Nb3 Kc6 34. Nxd4+ exd4 35. Rxd4 Rf5 36. Ra4 Kb6 37. f4 Rc5 38. Re4 Rc2+ 39. Kh3 Rc6 40. Re8 a5 41. g4 Rc3+ 42. Kh4 hxg4 43. Kxg4 Rc6 44. Re4 Kb5 45. f5 gxf5+ 46. Kxf5 a4 47. g6 Rc5+ 48. Re5 Rxe5+ 49. Kxe5 Kb4 50. g7 Ka3 51. g8=Q Kb2 52. Qg2+ Ka1 53. Qf1+ Kxa2 54. Qe2+ 1-0


[Site "https://www.chess.com"]

[Event "Titled Tuesday Blitz July 25 Early 2023"]
[White "Francisco_Ferrari"]
[Black "Bristy Mukherjee"]
[BlackFideId "25077325"]
[WhiteElo "2204"]
[BlackElo "2405"]
[Result "0-1"]
[Round "11"]
[TimeControl "180+2"]
[Date "2023.07.25"]
[WhiteClock "0:00:00"]
[BlackClock "0:01:05"]
[Board "130"]

1. e4 h5 2. d4 a5 3. Nf3 d5 4. exd5 Nf6 5. Nc3 Nxd5 6. Bc4 Nb6 7. Bd3 Nc6 8. Bf4 Bg4 9. Nb5 Nd5 10. Bd2 Ndb4 11. Bxb4 Nxb4 12. h3 Bxf3 13. Qxf3 c6 14. Nc3 Qxd4 15. O-O-O e6 16. Rhe1 Bc5 17. Rxe6+ Kf8 18. Re2 Rh6 19. a3 Nxd3+ 20. Rxd3 Qf6 21. Qxf6 Rxf6 22. Ne4 Re6 23. Kd1 Rae8 24. f3 f5 25. Nc3 Rxe2 26. Nxe2 Re6 27. Nf4 Rd6 28. Rxd6 Bxd6 29. Nxh5 g6 30. Nf6 Ke7 31. Ng8+ Kf7 32. Nh6+ Kg7 33. Nxf5+ gxf5 34. Ke2 Kf6 35. Ke3 Kg5 36. Kd4 Kf4 37. c4 Be5+ 38. Kc5 Bxb2 39. Kb6 Bxa3 40. Kxa5 Bc5 41. g4 Kg5 42. h4+ Kxh4 43. gxf5 Kg5 44. f4+ Kxf5 45. Ka4 Kxf4 46. Ka5 Ke4 47. Ka4 Kd4 48. Kb3 b5 49. cxb5 cxb5 50. Kc2 Ba3 51. Kd1 Kc3 52. Ke2 Kc2 53. Kf3 b4 54. Kg4 b3 55. Kh5 b2 56. Kg6 b1=Q 57. Kf5 Qe1 58. Kg4 Kd3 59. Kf5 Qe3 60. Kg4 Qf2 61. Kh3 Qg1 62. Kh4 Qg6 63. Kh3 Qg5 64. Kh2 Qg4 65. Kh1 Ke2 66. Kh2 Kf2 0-1


[Site "https://www.chess.com"]

[Event "Titled Tuesday Blitz July 25 Early 2023"]
[White "Qiao, Cindy"]
[Black "Saim, Mohamed Ilias"]
[WhiteFideId "2620243"]
[BlackFideId "7900465"]
[WhiteElo "2373"]
[BlackElo "1960"]
[Result "1-0"]
[Round "11"]
[TimeControl "180+2"]
[Date "2023.07.25"]
[WhiteClock "0:00:17"]
[BlackClock "0:00:00"]
[Board "131"]

1. d4 Nf6 2. Bf4 d5 3. e3 c5 4. Nf3 Nc6 5. Nbd2 Qb6 6. dxc5 Qxb2 7. Rb1 Qc3 8. Bb5 Qxc5 9. O-O Bf5 10. Nd4 Bd7 11. N2b3 Qb6 12. c4 e5 13. Bxc6 exf4 14. Bxd7+ Nxd7 15. exf4 Be7 16. Nf5 Qf6 17. Nxe7 Kxe7 18. Qxd5 Rhd8 19. Qxb7 Kf8 20. Qf3 Kg8 21. Rfd1 Rac8 22. Rbc1 Nc5 23. h3 Ne6 24. g3 Rxd1+ 25. Qxd1 Rd8 26. Qf3 Qb2 27. Qc3 Qxa2 28. c5 Rc8 29. c6 a5 30. Nxa5 Qe2 31. Nb7 h5 32. Nd6 Rc7 33. Re1 Qa6 34. Nf5 Rxc6 35. Qb2 1-0


[Site "https://www.chess.com"]

[Event "Titled Tuesday Blitz July 25 Early 2023"]
[White "Kochiev, Ivan"]
[Black "Mikheeva, Galina"]
[WhiteFideId "2917890"]
[BlackFideId "44108320"]
[WhiteElo "2515"]
[BlackElo "2116"]
[Result "1-0"]
[Round "11"]
[TimeControl "180+2"]
[Date "2023.07.25"]
[WhiteClock "0:00:02"]
[BlackClock "0:00:00"]
[Board "132"]

1. g4 d5 2. Bg2 c6 3. g5 e5 4. d4 e4 5. c4 Be7 6. cxd5 cxd5 7. Nc3 Nc6 8. h4 Be6 9. Nh3 h6 10. Nf4 hxg5 11. Nxe6 fxe6 12. h5 Qb6 13. e3 Nf6 14. a3 O-O-O 15. Bh3 Na5 16. Bg4 Nc4 17. b3 Na5 18. Bd2 Kb8 19. Na4 Qc7 20. Rc1 Nc6 21. b4 a6 22. Bxe6 Rh6 23. Bg4 Rdh8 24. Nc5 g6 25. a4 gxh5 26. Bf5 Bxc5 27. Rxc5 Qd6 28. b5 Ne7 29. Bh3 b6 30. Rc2 a5 31. Qc1 g4 32. Bg2 h4 33. Ra2 h3 34. Bf1 g3 35. fxg3 Qxg3+ 36. Kd1 Ng4 37. Be2 Nf2+ 38. Kc2 Rc8+ 39. Bc3 Nxh1 40. Qxh1 Qxe3 41. Qh2+ Ka7 42. Ra3 Qxd4 43. Qf4 Qc5 44. Qxh6 Qxa3 45. Qg7 Qc5 46. Kd2 d4 47. Bxd4 Rd8 48. Ke3 1-0


[Site "https://www.chess.com"]

[Event "Titled Tuesday Blitz July 25 Early 2023"]
[White "LangesNasenhaar"]
[Black "Ncatt"]
[WhiteElo "2461"]
[BlackElo "2335"]
[Result "1-0"]
[Round "11"]
[TimeControl "180+2"]
[Date "2023.07.25"]
[WhiteClock "0:00:17"]
[BlackClock "0:00:23"]
[Board "133"]

1. d4 Nf6 2. Nc3 d5 3. Bf4 e6 4. Nb5 Bb4+ 5. c3 Ba5 6. a4 a6 7. b4 axb5 8. axb5 c6 9. Bxb8 Bxb4 10. cxb4 Rxb8 11. e3 Qe7 12. Qb3 O-O 13. Nf3 Bd7 14. Ne5 cxb5 15. Nxd7 Qxd7 16. Bd3 Ne4 17. Bxe4 dxe4 18. O-O Rfc8 19. Rfc1 g6 20. h3 Kg7 21. Rc5 b6 22. Rc2 Rc6 23. Rxc6 Qxc6 24. Ra7 Rc8 25. Kh2 Qc4 26. Qb1 Qc2 27. Qf1 Qd3 28. Qe1 Rc2 29. Rb7 Re2 30. Qf1 Qd2 31. Kg3 h5 32. h4 Re1 33. Qxb5 Rxe3+ 34. fxe3 Qxe3+ 35. Kh2 Qf4+ 36. Kg1 Qc1+ 37. Qf1 Qe3+ 38. Qf2 Qc1+ 39. Kh2 Kh6 40. Qxf7 1-0


[Site "https://www.chess.com"]